 Dungeon Crawl Stone Soup version 0.30-a0-341-g682706514a (webtiles) character file.

Game seed: 5288460410181036937

2608 pyrow613 the Fighter (level 9, 86/86 HPs)
             Began as a Black Draconian Berserker on Oct 26, 2022.
             Was an Elder of Trog.
             Got out of the dungeon alive.
             The game lasted 00:17:10 (6155 turns).

pyrow613 the Fighter (Black Draconian Berserker)    Turns: 6155, Time: 00:17:10

Health: 86/86      AC:  7    Str: 21    XL:     9   Next: 34%
Magic:  9/9        EV: 14    Int:  9    God:    Trog [****..]
Gold:   197        SH:  0    Dex: 12    Spells: 8/8 levels left

rFire   . . .      SeeInvis .    o - +6 short sword of the Hero {vorpal, +Blink}
rCold   . . .      Faith    .    (no shield)
rNeg    . . .      Spirit   .    (body armour unavailable)
rPois   .          Reflect  .    (helmet restricted)
rElec   +          Harm     .    (no cloak)
rCorr   .          Rampage  .    (no gloves)
Will    .....                    (no boots)
Stlth   +.........               (no amulet)
HPRegen 0.34/turn                (no ring)
MPRegen 0.11/turn                (no ring)

@: no status effects
A: breathe lightning, AC +7, unfitting armour, electricity resistance,
cold-blooded
a: Breathe Lightning, Renounce Religion, Evoke Blink, Berserk, Trog's Hand,
Brothers in Arms


You escaped.
You worshipped Trog.
Trog was greatly pleased with you.
You visited 1 branch of the dungeon, and saw 6 of its levels.

You collected 197 gold pieces.

Inventory:

Hand Weapons
 a - a +0 hand axe
 m - a +0 war axe
 o - the +6 short sword of the Hero (weapon) {vorpal, +Blink}
   (You found it on level 3 of the Dungeon)

   It inflicts extra damage upon your enemies.
   +Blink:    It lets you blink.
 x - a +2 dagger of venom
Missiles
 c - 12 boomerangs (quivered)
 n - 2 throwing nets
Wands
 l - a wand of flame (20)
Scrolls
 b - a scroll of poison {unknown}
 j - a scroll of fear
 k - a scroll of butterflies
 p - a scroll of blinking
 s - a scroll of enchant weapon
 u - a scroll of silence {unknown}
 v - a scroll of enchant armour {unknown}
 y - a scroll of teleportation {unknown}
 z - a scroll of magic mapping {unknown}
 A - a scroll of identify
Potions
 d - a potion of attraction
 e - a potion of haste {unknown}
 f - a potion of curing
 g - 2 potions of degeneration
 h - a potion of invisibility {unknown}
 i - a potion of magic {unknown}
 q - a potion of cancellation {unknown}
 r - 2 potions of heal wounds {unknown}
 t - 2 potions of might
 w - a potion of ambrosia {unknown}


   Skills:
 * Level 10.4 Fighting
 + Level 5.7 Short Blades
 - Level 3.7 Axes
 + Level 6.4 Dodging


You had 8 spell levels left.
You didn't know any spells.
Your spell library was empty.

Dungeon Overview and Level Annotations

Branches:
Dungeon (6/15)             Temple (0/1) D:5

Altars:
Okawaru

Annotations:
D:2 1 runed translucent door, Crazy Yiuf


Innate Abilities, Weirdness & Mutations

You can breathe wild blasts of lightning.
Your glossy black scales are hard. (AC +7)
You cannot fit into any form of body armour.
You are resistant to electric shocks. (rElec)
You are cold-blooded and may be slowed by cold attacks.


Message History

You see here a +0 spear.
There is a stone staircase leading up here.
You climb upwards.
There is a stone staircase leading down here.
(D) Dungeon (T) Temple
Where to? (Enter - D:6 @ (x,y), ? - help)
What level of the Dungeon? (default 1, ? - help)
There is an open door here.
There is an open door here.
There is an open door here.
There is a stone staircase leading up here.
You climb upwards.
There is a stone staircase leading down here.
A giant cockroach is nearby!
The giant cockroach bites you but does no damage. x2
You hit the giant cockroach.
The giant cockroach is almost dead.
You hit the giant cockroach.
You kill the giant cockroach!
Trog accepts your kill.
No target in view!
No target in view!
(D) Dungeon (T) Temple
Where to? (Enter - D:1, ? - help)
What level of the Dungeon? (default 1, ? - help)
There is an open door here.
There is an open door here.
There is a stone staircase leading up here.
You climb upwards.
There is a stone staircase leading down here.
There is a stone staircase leading up here.
You climb upwards.
Level annotation: 1 runed translucent door, Crazy Yiuf
There is a stone staircase leading down here.
There is a stone staircase leading up here.
You climb upwards.
There is a stone staircase leading down here.
There is a staircase leading out of the dungeon here.
Are you sure you want to leave the Dungeon?
This will make you lose the game!
You have escaped!

........# #.......#..#.#.#.#.#..#
..#############..#.....###.###..#
.....#...........#...#.#.........
[...##...##......####..#.#.....[.
##..##..####.............########
.....#.##.##...........#.........
###..#..##.....##.###............
..............#.....##.....#....#
####.#.......##.@.....#....#.....
# #.#........#.....##.....#....#
####.#..##.....##.###............
.....#.##.##...........#.[####..#
.....#..####...........#..)..#...
.....#...##......####..#.###.#.##
.....###.....##..#...#.#.###.#...
....## ####..###.#.....#.........
....# #(## #..#..#.####......


There were no monsters in sight!

Vanquished Creatures
  Pikel (D:4)
  Eustachio (D:4)
  Pargi (D:4)
  An orc warrior (D:6)
  A sky beast (D:4)
  2 black bears (D:4)
  2 ogres
  A centaur (D:5)
  A gnoll sergeant (D:6)
  2 necrophages
  3 scorpions
  3 killer bees (D:5)
  2 jellies
  2 hounds (D:5)
  2 gnoll boudas
  An orc priest (D:5)
  3 iguanas
  Natasha (thrice) (D:2)
  8 orc wizards
  Robin (D:4)
  13 gnolls
  8 adders
  An ufetubus (D:5)
  2 dart slugs
  A worm (D:2)
  13 orcs
  7 endoplasms
  4 giant cockroaches
  9 goblins
  4 hobgoblins
  12 jackals
  3 quokkas
  7 ball pythons
  8 bats
  A frilled lizard (D:2)
  8 kobolds
  5 rats
147 creatures vanquished.

Vanquished Creatures (others)
  2 plants (D:1)
2 creatures vanquished.

Grand Total: 149 creatures vanquished

Notes
Turn   | Place    | Note
-------+----------+-------------------------------------------
     0 | D:1      | pyrow613 the Draconian Berserker began the quest for the
                  | Orb.
     0 | D:1      | Reached XP level 1. HP: 19/19 MP: 1/1
    26 | D:1      | Found a faded altar of an unknown god.
   165 | D:1      | Reached XP level 2. HP: 20/26 MP: 2/2
   848 | D:2      | Found a runed translucent door.
   849 | D:2      | Noticed Crazy Yiuf
   979 | D:2      | Noticed Natasha
   992 | D:2      | Noticed a crimson imp
   996 | D:2      | Killed Natasha
   997 | D:2      | Reached skill level 4 in Fighting
   997 | D:2      | Reached XP level 3. HP: 18/33 MP: 3/3
  1348 | D:2      | Reached ** piety under Trog
  1441 | D:2      | Noticed Natasha
  1449 | D:2      | Killed Natasha
  1450 | D:2      | Reached XP level 4. HP: 37/41 MP: 4/4
  1707 | D:2      | Noticed Natasha
  1712 | D:2      | Killed Natasha
  2030 | D:3      | Identified the +6 short sword of the Hero {vorpal, +Blink}
  2161 | D:3      | Reached skill level 5 in Fighting
  2200 | D:3      | Reached XP level 5. HP: 47/48 MP: 5/5
  2413 | D:3      | Reached skill level 1 in Short Blades
  2658 | D:4      | Noticed a lemure
  2658 | D:4      | Noticed a lemure
  2661 | D:4      | Noticed a lemure
  2661 | D:4      | Noticed Pikel
  2662 | D:4      | Noticed a lemure
  2765 | D:4      | Noticed a sky beast
  2774 | D:4      | Killed a sky beast
  2775 | D:4      | Reached skill level 6 in Fighting
  2775 | D:4      | Reached XP level 6. HP: 57/57 MP: 6/6
  2890 | D:4      | Killed Pikel
  2891 | D:4      | Reached skill level 7 in Fighting
  2891 | D:4      | Your scales start taking on a glossy black colour.
  2891 | D:4      | Reached XP level 7. HP: 66/66 MP: 7/7
  2891 | D:4      | Gained mutation: You are resistant to electric shocks.
                  | (rElec) [Black Draconian growth]
  3033 | D:4      | Noticed Robin
  3045 | D:4      | Killed Robin
  3133 | D:4      | Reached *** piety under Trog
  3134 | D:4      | Noticed Pargi
  3140 | D:4      | Killed Pargi
  3154 | D:4      | Reached XP level 8. HP: 67/74 MP: 8/8
  3332 | D:4      | Noticed Eustachio
  3352 | D:4      | Killed Eustachio
  3353 | D:4      | Reached skill level 8 in Fighting
  3353 | D:4      | Reached skill level 5 in Dodging
  3611 | D:5      | Entered Level 5 of the Dungeon
  3734 | D:5      | Upgraded the game from 0.30-a0-313-gae38170b09 to
                  | 0.30-a0-339-g89bb51ec76
  3837 | D:5      | Reached skill level 9 in Fighting
  4224 | D:5      | Reached skill level 5 in Short Blades
  4457 | D:5      | Found a staircase to the Ecumenical Temple.
  4752 | D:5      | Found an iron altar of Okawaru.
  4825 | D:5      | Reached XP level 9. HP: 72/85 MP: 9/9
  5270 | D:6      | Reached **** piety under Trog
  5271 | D:6      | Reached skill level 10 in Fighting
  5945 | D:6      | Upgraded the game from 0.30-a0-339-g89bb51ec76 to
                  | 0.30-a0-341-g682706514a
  6155 | D:$      | Got out of the dungeon alive.

Illustrated notes

Levels and vault maps discovered:
D:1:      erik_arrival_blinker_ship, layout_basic, serial_bayou,
          serial_bayou_crossing, serial_bayou_shore_b, serial_bayou_lake_a,
          serial_bayou_pond_a, ebering_ecumenical_altar_box
D:2:      minmay_door_path, layout_basic, kennysheep_generic_room_16,
          uniq_natasha, uniq_crazy_yiuf_cottage
D:3:      layout_loops_ring, hangedman_decor_lopped
D:4:      layout_gridville, uniq_pikel, uniq_eustachio, uniq_pargi, uniq_robin
D:5:      layout_basic, mainiacjoe_overflow_alcove_4,
          minmay_temple_entry_statues_fountains, serial_glass, glass_columns_a,
          glass_columns_c
D:6:      minmay_flawed_box, layout_loops_corners, overflow_temple_1_default,
          st_stairs_1

Skill      XL: |  1  2  3  4  5  6  7  8  9 |
---------------+----------------------------+-----
Fighting       | 4 5 6 7 9 10 | 10.4
Dodging        | 3 4 6 |  6.4
Short Blades   | 1 3 5 |  5.7
Axes           | |  3.7

Action                   |  1- 3 |  4- 6 |  7- 9 || total
-------------------------+-------+-------+-------++-------
Melee: Hand axe          |    96 |    20 |       ||   116
       Tailslap          |    11 |     9 |    36 ||    56
       Punch             |     1 |       |     2 ||     3
       Short sword       |       |    81 |   285 ||   366
Throw: Boomerang         |     3 |     7 |       ||    10
Invok: Berserk           |       |     2 |     2 ||     4
 Abil: Breathe Lightning |       |       |     6 ||     6
Evoke: Wand              |       |     1 |       ||     1
  Use: Scroll            |       |       |    11 ||    11
 Stab: Sleeping          |     1 |       |       ||     1
Armor: Skin              |    29 |    47 |    74 ||   150
Dodge: Dodged            |    65 |    70 |   154 ||   289

Table legend: (Time is in decaauts)
 A = Elapsed time spent in this place.
 B = Non-inter-level travel time spent in this place.
 C = Inter-level travel time spent in this place.
 D = Time resting spent in this place.
 E = Time spent auto-exploring this place.
 F = Levels seen in this place.
 G = Mean time per level.
                   A        B        C        D        E       F      G
               +--------+--------+--------+--------+--------+-----+--------+
         Total |   6179 |   5802 |    377 |    933 |   3880 |   6 | 1029.8 |
       Dungeon |   6179 |   5802 |    377 |    933 |   3880 |   6 | 1029.8 |
               +--------+--------+--------+--------+--------+-----+--------+

Top non-repeatable levels by time:
     D:5: 1489 daAuts
     D:2: 1205 daAuts
     D:4: 952 daAuts
     D:6: 922 daAuts
     D:1: 908 daAuts
     D:3: 701 daAuts
